 Dungeon Crawl Stone Soup version 0.23.0-2-g0fe3ce5905 (webtiles) character file.

Game seed: 4970357163827491458

1736945 Flugkiller the Rapturous (level 27, 159/159 HPs)
             Began as a Vine Stalker Necromancer on Feb 20, 2019.
             Was a Follower of Uskayaw.
             Escaped with the Orb
             ... and 3 runes!
             The game lasted 02:29:50 (67672 turns).

Flugkiller the Rapturous (VSNe)                    Turns: 67672, Time: 02:29:50

Health: 159/159    AC: 38    Str: 26    XL:     27
Magic:  39/39      EV: 28    Int: 20    God:    Uskayaw [*.....]
Gold:   160        SH: 20    Dex: 24    Spells: 10/42 levels left

rFire    + + +     SeeInvis +   K - +9 quick blade (freeze)
rCold    + . .     Gourm    .   u - +5 shield {AC+3}
rNeg     + + .     Faith    +   V - +7 swamp dragon scales
rPois    +         Spirit   +   G - +2 helmet {SInv}
rElec    +         Reflect  .   a - +2 cloak {+Inv}
rCorr    .         Harm     .   A - +5 pair of gloves of Osutoxt {rElec rN+ Regen+}
MR       +++++                  J - +0 pair of boots "Tuhaez" {rElec rF+ MR+ Str+2}
Stlth    +++.......             g - amulet of Greed {Faith rF+ MR+ Str+3 Stlth+}
HPRegen  1.56/turn              D - ring "Rosihai" {EV+6 Str+4 Int-2 Dex+5}
MPRegen  0.26/turn              p - ring "Inguikir" {*Drain rF++ rC+ rN+ Str+2}

@: very slightly contaminated, invisible
A: fangs 3, clever 1, regeneration 2, magic shield, antimagic bite, no potion
heal 3, rot immunity, MP-powered wands
0: Orb of Zot
}: 3/15 runes: decaying, slimy, gossamer
a: Stomp, Renounce Religion


You escaped.
You worshipped Uskayaw.
Uskayaw was greatly pleased with you.
You were not hungry.

You visited 11 branches of the dungeon, and saw 54 of its levels.
You visited 1 bazaar.
You also visited: Sewer, Ice Cave and Volcano.

You collected 5873 gold pieces.
You spent 5713 gold pieces at shops.

Inventory:

Hand Weapons
 w - the +7 Spriggan's Knife {stab, EV+4 Stlth+}
   (You found it on level 5 of the Pits of Slime)

   It affects your evasion (+4).
   It makes you more stealthy.
 K - a +9 quick blade of freezing (weapon)
   (You took it off a deep elf blademaster on level 2 of the Elven Halls)
Missiles
 U - 8 throwing nets (quivered)
Armour
 a - a +2 cloak of invisibility (worn)
   (You took it off Nikola on level 2 of the Elven Halls)
 r - a +2 cloak of poison resistance
   (You took it off a draconian knight on level 5 of the Realm of Zot)
 u - a +5 shield of protection (worn)
   (You took it off a tengu warrior on level 14 of the Dungeon)
 A - the +5 pair of gloves of Osutoxt (worn) {rElec rN+ Regen+}
   (You found it on level 1 of the Swamp)

   It insulates you from electricity.
   It protects you from negative energy.
   It increases your rate of regeneration.
 G - a +2 helmet of see invisible (worn)
   (You found it on level 5 of the Pits of Slime)
 J - the +0 pair of boots "Tuhaez" (worn) {rElec rF+ MR+ Str+2}
   (You bought it in a shop on level 12 of the Dungeon)

   It affects your strength (+2).
   It protects you from fire.
   It insulates you from electricity.
   It affects your resistance to hostile enchantments.
 V - +7 swamp dragon scales (worn)
   (You found it on level 4 of the Spider Nest)
Jewellery
 g - the amulet of Greed (around neck) {Faith rF+ MR+ Str+3 Stlth+}
   (You took it off a deep elf annihilator on level 3 of the Elven Halls)

   [amulet of faith]

   It allows you to gain divine favour quickly.
   It affects your strength (+3).
   It protects you from fire.
   It affects your resistance to hostile enchantments.
   It makes you more stealthy.
 p - the ring "Inguikir" (right hand) {*Drain rF++ rC+ rN+ Str+2}
   (You bought it in a shop on level 2 of the Orcish Mines)

   [ring of protection from cold]

   It affects your strength (+2).
   It greatly protects you from fire.
   It protects you from cold.
   It protects you from negative energy.
   It causes draining when unequipped.
 C - an uncursed ring of resist corrosion
   (You took it off a deep elf death mage on level 3 of the Elven Halls)
 D - the ring "Rosihai" (left hand) {EV+6 Str+4 Int-2 Dex+5}
   (You found it on level 5 of the Pits of Slime)

   [ring of evasion]

   It affects your evasion (+6).
   It affects your strength (+4).
   It affects your intelligence (-2).
   It affects your dexterity (+5).
Wands
 v - a wand of iceblast (33)
   (You took it off Ijyb on level 5 of the Dungeon)
 B - a wand of disintegration (18)
   (You found it on level 10 of the Dungeon)
 H - a wand of clouds (12)
   (You found it on level 3 of the Spider Nest)
 O - a wand of acid (27)
   (You found it on level 1 of the Lair of Beasts)
 P - a wand of digging (5)
   (You found it on level 2 of the Lair of Beasts)
 S - a wand of scattershot (3)
   (You found it on level 3 of the Spider Nest)
 Z - a wand of paralysis (11)
   (You found it on level 5 of the Depths)
Scrolls
 b - 14 scrolls of teleportation
 e - a scroll of enchant armour
 h - 3 scrolls of immolation
 i - 5 scrolls of fear
 k - 4 scrolls of fog
 m - 3 scrolls of blinking
 s - 20 scrolls of remove curse
 t - 6 scrolls of identify
 E - 5 scrolls of magic mapping
 Q - 4 scrolls of summoning
 T - 3 scrolls of vulnerability
 W - a scroll of silence
Potions
 d - 10 potions of flight
 f - 15 potions of curing
 j - 4 potions of mutation
 l - 3 potions of cancellation
 n - 9 potions of berserk rage
 q - 6 potions of brilliance
 x - 10 potions of lignification
 z - a potion of magic
 I - 2 potions of invisibility
 L - 11 potions of haste
 M - 7 potions of might
 N - 7 potions of ambrosia
 X - 8 potions of agility
 Y - a potion of resistance
Comestibles
 c - 59 rations


   Skills:
 + Level 21.1 Fighting
 - Level 10.6 Short Blades
 - Level 16.2 Armour
 - Level 11.0 Dodging
 + Level 17.1 Stealth
 - Level 15.0 Shields
 - Level 8.0 Spellcasting
 - Level 2.1 Summonings
 - Level 14.0 Necromancy
 - Level 3.0 Translocations
 - Level 10.0 Earth Magic
 + Level 22.5 Invocations
 - Level 5.0 Evocations


You had 10 spell levels left.
You knew the following spells:

 Your Spells              Type           Power        Failure   Level  Hunger
a - Pain                  Necr           ####         1%          1    None
b - Animate Skeleton      Necr           N/A          1%          1    None
c - Vampiric Draining     Necr           ######....   1%          3    None
d - Animate Dead          Necr           N/A          1%          4    ###....
e - Borgnjor's Vile Clut  Necr/Erth      ######....   2%          5    #####..
f - Death Channel         Necr           ######....   5%          6    ######.
g - Dispel Undead         Necr           ######..     1%          5    #####..
i - Summon Butterflies    Summ           ###.....     4%          1    None
j - Regeneration          Chrm/Necr      #####.....   1%          3    None
q - Apportation           Tloc           ###...       3%          1    None
r - Blink                 Tloc           N/A          4%          2    None

Your spell library contained the following spells:

 Spells                   Type           Power        Failure   Level  Hunger
 Corpse Rot               Necr           N/A          1%          2    None
 Sublimation of Blood     Necr           ######....   1%          2    None
 Agony                    Necr           ######..     1%          5    #####..
 Summon Small Mammal      Summ           ###.         4%          1    None
 Call Imp                 Summ           ###.....     7%          2    None
 Gell's Gravitas          Tloc           ###.......   10%         3    None
 Confusing Touch          Hex            #.....       11%         1    None
 Magic Dart               Conj           #...         11%         1    None
 Shock                    Conj/Air       #...         11%         1    None
 Sting                    Conj/Pois      #...         11%         1    None
 Recall                   Summ/Tloc      N/A          12%         3    None
 Call Canine Familiar     Summ           ###.....     14%         3    None
 Petrify                  Tmut/Erth      ####....     14%         4    ###....
 Poisonous Vapours        Pois/Air       #.....       17%         2    None
 Searing Ray              Conj           #.....       17%         2    None
 Slow                     Hex            #.......     17%         2    None
 Swiftness                Chrm/Air       #.......     17%         2    None
 Throw Frost              Conj/Ice       #.....       17%         2    None
 Bolt of Draining         Conj/Necr      #####.....   17%         5    #####..
 Excruciating Wounds      Chrm/Necr      #####.....   17%         5    #####..
 Summon Guardian Golem    Hex/Summ       ##......     22%         3    None
 Confuse                  Hex            #.......     32%         3    None
 Conjure Flame            Conj/Fire      #.......     32%         3    None
 Dazzling Spray           Conj/Hex       #.....       32%         3    None
 Mephitic Cloud           Conj/Pois/Air  #.......     32%         3    None
 Static Discharge         Conj/Air       #.......     32%         3    None
 Force Lance              Conj/Tloc      ##......     52%         4    ###....
 Summon Ice Beast         Ice/Summ       ##......     58%         4    ###....
 Summon Lightning Spire   Summ/Air       ##......     58%         4    ###....
 Bolt of Magma            Conj/Fire/Erth ###.......   61%         5    #####..
 Simulacrum               Ice/Necr       #####.....   67%         6    ######.
 Airstrike                Air            #.........   73%         4    ###....
 Cause Fear               Hex            #.........   73%         4    ###....
 Fulminant Prism          Conj/Hex       #.........   73%         4    ###....
 Iskenderun's Mystic Bla  Conj           #.......     73%         4    ###....
 Olgreb's Toxic Radiance  Pois           #.......     73%         4    ###....
 Aura of Abjuration       Summ           ###.......   78%         5    #####..
 Summon Mana Viper        Hex/Summ       ##......     90%         5    #####..
 Iron Shot                Conj/Erth      ####......   91%         6    ######.
 Iskenderun's Battlesphe  Conj/Chrm      #.......     97%         5    #####..
 Lightning Bolt           Conj/Air       #.........   97%         5    #####..
 Metabolic Englaciation   Hex/Ice        #.........   97%         5    #####..
 Silence                  Hex/Air        #.........   97%         5    #####..
 Venom Bolt               Conj/Pois      #.........   97%         5    #####..
 Yara's Violent Unravell  Hex/Tmut       #.........   97%         5    #####..
 Deflect Missiles         Chrm/Air       #.........   100%        6    ######.
 Freezing Cloud           Conj/Ice/Air   #.........   100%        6    ######.
 Orb of Destruction       Conj           #.........   100%        7    #######
 Ring of Flames           Chrm/Fire      #.........   100%        7    #######
 Spellforged Servitor     Conj/Summ      ##........   100%        7    #######
 Summon Hydra             Summ           ###.......   100%        7    #######
 Discord                  Hex            #.........   100%        8    #######


Dungeon Overview and Level Annotations

Branches:
Dungeon (15/15)            Temple (1/1) D:5            Lair (6/6) D:9
  Swamp (4/4) Lair:3       Spider (4/4) Lair:4        Slime (5/5) Lair:5
    Orc (2/2) D:12            Elf (3/3) Orc:2        Vaults (4/5) D:13
  Crypt (0/3) Vaults:3     Depths (5/5) D:15            Zot (5/5) Depths:5

Altars:
Ashenzari
Cheibriados
Dithmenos
Elyvilon
Fedhas
Gozag
Hepliaklqana
Kikubaaqudgha
Makhleb
Nemelex Xobeh
Okawaru
Qazlal
Ru
Sif Muna
Trog
Uskayaw
Vehumet
Wu Jian
Xom
Yredelemnul
Zin
The Shining One
Beogh
Jiyva
Lugonu

Shops:
D:9 :   D:12 [   Orc:2 (:*%   Elf:1 *   Elf:2 ?   Elf:3 }   Vaults:1 [
Vaults:2 :   Vaults:3 }   Depths:1 (   Depths:2 !   Depths:4 =*:=!

Portals:
Hell: Depths:1 Depths:2 Depths:3 Depths:4 Depths:5
Abyss: Depths:1 Depths:3 Depths:4 Depths:5
Pandemonium: Orc:2 Depths:2 Depths:3
Ziggurat: Depths:2

Annotations:
D:2 Sigmund
D:7 exclusion: downstairs
D:14 3 runed translucent doors, PeterQ's ghost, journeyman VSFi
Lair:5 exclusion: oklob plant
Lair:6 exclusion: 4 oklob plants
Elf:1 3 runed translucent doors, exclusion: obsidian statue, Hiliwumm's ghost, veteran MiGl
Elf:2 exclusion: Roxanne, Roxanne
Depths:3 exclusion: 2 doors
Zot:3 exclusion: curse toe


Innate Abilities, Weirdness & Mutations

You have razor-sharp teeth.
You heal very quickly.
When hurt, damage is shared between your health and your magic reserves.
Your bite disrupts and absorbs the magic of your enemies.
Potions cannot restore your health.
You are immune to rotting.
Your mind is acute. (Int +2)
You expend magic power (3 MP) to strengthen your wands.


Message History

There is a stone staircase leading down here.
(D) Dungeon (T) Temple (L) Lair (S) Swamp (N) Spider Nest (M) Slime Pits (O) Orcish Mines (E) Elven Halls (V) Vaults (C) Crypt (U) Depths (H) Hell (Z) Zot
Where to? (Enter - D:1 @ (x,y), ? - help)
There is a stone staircase leading up here.
You climb upwards.
There is a stone staircase leading down here.
There is a stone staircase leading up here.
You climb upwards.
There is a stone staircase leading down here.
A green death comes into view.
The green death roars!
There is a stone staircase leading up here.
You climb upwards.
Level annotation: Sigmund
There is a stone staircase leading down here.
(D) Dungeon (T) Temple (L) Lair (S) Swamp (N) Spider Nest (M) Slime Pits (O) Orcish Mines (E) Elven Halls (V) Vaults (C) Crypt (U) Depths (H) Hell (Z) Zot
Where to? (Enter - D:1 @ (x,y), ? - help)
A green death comes into view.
Unknown command.
The green death moves out of view.
You see here a cursed +0 short sword.
There is a large open door here.
There is a large open door here.
You see here a leather armour.
There is an escape hatch in the ceiling here.
Really go through this one-way escape hatch?
A mysterious force pulls you upwards. The hatch slams shut behind you.
(D) Dungeon (T) Temple (L) Lair (S) Swamp (N) Spider Nest (M) Slime Pits (O) Orcish Mines (E) Elven Halls (V) Vaults (C) Crypt (U) Depths (H) Hell (Z) Zot
Where to? (Enter - D:2 @ (x,y), ? - help)
What level of the Dungeon? (default 1, ? - help)
A tormentor comes into view.
You fade into invisibility!
You are very lightly contaminated with residual magic.
Unknown command.
An Ice Fiend comes into view.
The Ice Fiend moves out of view.
There is an open door here.
You see here a +0 club.
There is a staircase leading out of the dungeon here.
Enter note: gg You have escaped!

##########.# #...# #.....#.
...........####### #.....#.
###......#..##############.....#.
#......##....................##
#....1.##...##'##..........#...
#......##...#...#...#......####
##......##.###.♣.###.#......####
##.......##.#.......#.#......'...
...#.##..##.#.♣.@.♣.#.#.)....####
.###..#..##.#.......#.#......#
.#....##.##.###)♣.###.#......#
..............#...#...#......#
.##....#.#....##'##..........####
..#..###.#.............##'##.....
#.##.#...################.##.####
#...#..### ####..... #..#####
######


There were no monsters in sight!

Vanquished Creatures
  the Royal Jelly (Slime:5)
  5 orbs of fire (Zot:5)
  An ancient lich (Zot:5)
  A juggernaut (Depths:4)
  Sojobo (Vaults:1)
  4 Killer Klowns (Zot:5)
  Margery (Vaults:4)
  5 golden dragons
  A profane servitor (Zot:3)
  Nikola (Elf:2)
  A lich (Depths:2)
  A Brimstone Fiend (Depths:5)
  3 electric golems
  A Tzitzimitl (Zot:5)
  18 tentacled monstrosities
  29 Orb Guardians
  5 quicksilver dragons
  4 deep elf blademasters
  4 deep elf master archers (Elf:3)
  10 acid blobs
  A sphinx (Depths:5)
  8 death cobs
  Agnes (Elf:2)
  Frances (Elf:1)
  Donald (Elf:2)
  3 thorn hunters
  5 shadow dragons
  8 storm dragons
  7 tengu reavers
  15 azure jellies
  5 fire giants
  3 draconian monks
  6 frost giants
  5 emperor scorpions
  A draconian scorcher (Zot:3)
  Louise (Swamp:1)
  8 draconian shifters
  6 draconian knights
  12 vault wardens
  5 deep elf sorcerers
  5 ghost moths
  4 deep elf elementalists (Elf:3)
  4 draconian stormcallers
  A spriggan defender (Vaults:1)
  6 very ugly things
  4 draconian annihilators
  16 stone giants
  10 ironheart preservers
  3 entropy weavers
  3 vampire knights
  Nessos (D:12)
  5 spark wasps
  12 green draconians
  9 deep elf demonologists
  15 red draconians
  9 black draconians
  A dire elephant (D:15)
  3 lorocyprocas
  11 white draconians
  7 deep elf annihilators
  11 yellow draconians
  12 purple draconians
  Snorg (Lair:3)
  A merfolk javelineer (Depths:3)
  4 fire dragons
  2 eidola (Vaults:3)
  8 great orbs of eyes
  23 ettins
  5 deep elf death magi
  8 deep elf high priests
  A crystal guardian (Vaults:4)
  9 death oozes (Slime:5)
  Fannar (Lair:3)
  14 ogre magi
  2 rakshasas
  16 hydras
  15 yaktaur captains
  8 vault guards
  A hell beast (Depths:1)
  14 ice dragons
  A spriggan air mage (Depths:2)
  12 centaur warriors
  Erica (D:10)
  6 shambling mangroves
  2 catoblepae
  9 death yaks
  8 deep troll shamans
  8 death scarabs (Spider:4)
  50 two-headed ogres
  7 alligators
  2 death knights
  11 deep troll earth magi
  3 orc high priests (Orc:2)
  8 tengu warriors
  A queen ant (shapeshifter) (Vaults:1)
  3 titan zombies (Depths:4)
  6 spriggan berserkers
  31 dancing weapons
  2 vampire magi
  2 soul eaters
  19 deep elf knights
  10 spriggans
  4 hell knights (Vaults:4)
  6 iron trolls
  A sixfirhy (Depths:3)
  3 skeletal warriors (Vaults:2)
  2 spriggan druids
  2 unseen horrors
  2 gelid demonspawn
  A torturous demonspawn (Orc:1)
  A deep troll (shapeshifter) (Elf:2)
  A glowing orange brain (Depths:1)
  27 deep trolls
  An infernal demonspawn (Depths:3)
  3 flayed ghosts
  3 wolf spider zombies (Spider:4)
  23 deep elf archers
  7 swamp dragons
  Pikel (D:6)
  10 orb spiders
  2 harpies (Lair:6)
  83 deep elf magi
  A shadow dragon zombie (Vaults:4)
  5 spectral wolf spiders (Spider:4)
  7 necromancers
  10 ironbrand convokers
  2 wizards
  14 orc knights
  A phantasmal warrior (Vaults:4)
  2 oklob plants (Swamp:2)
  12 orc sorcerers
  21 wolf spiders
  A fire giant zombie (Depths:2)
  32 ugly things
  2 cyclopes (shapeshifter)
  A sphinx skeleton (Depths:2)
  6 cyclopes
  3 manticores
  Joseph (D:7)
  A stone giant zombie (Depths:4)
  2 shining eyes
  Maurice (D:8)
  2 salamanders
  23 moths of wrath
  5 elephants
  20 vault sentinels
  3 black mambas
  3 rust devils
  A gargoyle (D:15)
  A torpor snail (Spider:3)
  An eye of devastation (shapeshifter) (Vaults:1)
  A centaur zombie (D:15)
  17 spiny frogs
  2 eyes of devastation
  7 rime drakes
  5 freezing wraiths
  A hellion (Depths:3)
  8 tengu conjurers
  67 yaktaurs
  4 spectral redbacks (Spider:4)
  8 komodo dragons
  9 demonic crawlers
  An ice devil (Orc:2)
  A tormentor (D:7)
  A redback zombie (Spider:4)
  2 red devils
  2 hellwings (Orc:2)
  26 jumping spiders
  A jumping spider (shapeshifter) (Vaults:2)
  A harpy zombie (D:14)
  2 merfolk
  A meliai (shapeshifter) (Vaults:1)
  11 trolls
  A hornet (shapeshifter) (Vaults:2)
  A wind drake (Lair:6)
  A troll (shapeshifter) (D:12)
  33 hornets
  5 spectral jumping spiders (Spider:4)
  5 spectral tarantellas (Spider:4)
  12 tyrant leeches
  2 wind drakes (shapeshifter)
  6 polar bears
  11 bog bodies
  2 jumping spider zombies (Spider:4)
  Prince Ribbit (D:5)
  A blink frog (shapeshifter) (Depths:2)
  11 blink frogs
  A frost giant simulacrum (Vaults:3)
  2 human simulacra
  67 slime creatures
  16 hippogriffs
  2 tarantella zombies (Spider:4)
  4 large abominations (Depths:1)
  16 water elementals
  62 redbacks
  8 shadows
  5 air elementals
  31 tarantellas
  A spriggan (shapeshifter) (Vaults:2)
  2 tarantellas (shapeshifter)
  36 yaks
  A ynoxinul (Orc:2)
  5 wyverns
  7 wraiths
  A fire elemental (Elf:1)
  2 chaos spawn (Depths:1)
  5 hungry ghosts
  4 golden eyes
  19 humans (D:13)
  17 vampire mosquitoes
  A steam dragon (D:13)
  A basilisk (Lair:3)
  4 wargs
  2 soldier ants
  13 insubstantial wisps
  12 swamp worms
  A deep troll zombie (Vaults:4)
  Menkaure (D:5)
  An acid dragon (Vaults:2)
  15 water moccasins
  A floating eye (Depths:3)
  8 small abominations (Depths:1)
  3 porcupines
  4 hell hounds (Depths:5)
  A floating eye (shapeshifter) (Elf:2)
  47 orc warriors
  2 sky beasts
  5 black bears
  5 phantoms
  15 swamp drakes
  2 eyes of draining
  32 ogres
  A necrophage (D:9)
  2 hornet zombies (Spider:4)
  5 ice beasts
  16 wolves
  16 boggarts
  19 centaurs
  A centaur (shapeshifter) (Elf:2)
  7 crocodiles
  6 big kobolds
  2 earth elementals (Elf:1)
  10 bullfrogs
  A wyvern skeleton (D:15)
  4 scorpions
  5 wights (D:9)
  14 killer bees
  10 electric eels
  4 howler monkeys
  3 crimson imps
  A bullfrog zombie (D:8)
  36 orc priests
  4 centaur skeletons
  12 hounds
  2 bullfrog skeletons (D:5)
  7 jellies
  Ijyb (D:5)
  35 orc wizards
  5 iguanas
  13 worker ants
  A hound zombie (D:8)
  2 hound skeletons (D:4)
  A howler monkey zombie (D:11)
  4 worker ant zombies
  A howler monkey skeleton (D:6)
  15 adders
  8 gnolls
  4 oozes
  2 adder skeletons
  6 worms
  2 dart slugs (D:1)
  6 leopard geckos
  135 orcs
  10 bats
  A bat zombie (D:4)
  6 giant cockroaches
  5 goblins
  9 hobgoblins
  12 jackals
  3 quokkas
  8 ball pythons
  5 frilled lizards
  20 kobolds
  A quokka skeleton (D:5)
  11 rats
  A rat zombie (D:4)
  A butterfly (Lair:3)
  A fungus (Swamp:2)
2336 creatures vanquished.

Vanquished Creatures (collateral kills)
  An Orb Guardian (Zot:5)
  A thorn hunter (Swamp:3)
  A draconian annihilator (Zot:1)
  A very ugly thing (Depths:3)
  A red draconian (Zot:3)
  A deep elf annihilator (Elf:3)
  7 hydras
  A shambling mangrove (Swamp:4)
  2 ghost crabs (Swamp:4)
  A merfolk avatar (Lair:6)
  A two-headed ogre (D:12)
  An alligator (Swamp:4)
  A death yak (Lair:5)
  A fire crab (Lair:5)
  A sea snake (Lair:6)
  3 swamp dragons (Swamp:4)
  A harpy (Lair:6)
  An orb spider (Lair:4)
  A moth of wrath (Zot:3)
  2 elephants
  An iron dragon skeleton (Depths:2)
  A spiny frog (Lair:3)
  A centaur skeleton (D:14)
  A troll (Vaults:1)
  3 komodo dragons
  A tengu conjurer (D:15)
  2 tyrant leeches
  4 blink frogs
  A hippogriff (Lair:3)
  2 bog bodies (Swamp:4)
  A water elemental (Depths:5)
  A yak (Lair:5)
  A human (D:13)
  A water moccasin (Lair:2)
  A swamp drake (Swamp:4)
  An ettin simulacrum (Vaults:2)
  An eye of draining (Lair:5)
  An ogre (Depths:2)
  2 crocodiles (Lair:6)
  2 bullfrogs
  2 jellies (D:14)
  3 orc wizards (D:12)
  2 bushes (Lair:6)
  2 fungi (Lair:6)
  4 plants
72 creatures vanquished.

Vanquished Creatures (others)
  A draconian annihilator (Zot:3)
  A deep elf knight (Elf:1)
  A deep elf mage (Depths:4)
  An ugly thing (Depths:1)
  A spiny frog (Swamp:1)
  An air elemental (Elf:1)
  A water moccasin (Lair:5)
  A centaur (D:12)
  An adder skeleton (D:8)
  A worm (D:6)
  An orc (D:8)
  2 bushes (Lair:6)
  14 fungi
  30 plants
57 creatures vanquished.

Grand Total: 2465 creatures vanquished

Notes
Turn   | Place    | Note
-------+----------+-------------------------------------------
     0 | D:1      | Flugkiller the Vine Stalker Necromancer began the quest for
                  | the Orb.
     0 | D:1      | Reached XP level 1. HP: 9/9 MP: 4/4
   320 | D:1      | Reached XP level 2. HP: 10/13 MP: 2/6
   767 | D:1      | Learned a level 1 spell: Animate Skeleton
   787 | D:1      | Reached XP level 3. HP: 10/16 MP: 5/8
  1928 | D:2      | Learned a level 3 spell: Vampiric Draining
  1955 | D:2      | Noticed Sigmund
  1995 | D:2      | Gained mutation: Your natural rate of healing is unusually
                  | fast. [Vine Stalker growth]
  1995 | D:2      | Reached XP level 4. HP: 21/21 MP: 10/10
  2506 | D:2      | Reached skill level 5 in Necromancy
  3064 | D:3      | Reached XP level 5. HP: 22/24 MP: 11/11
  3598 | D:3      | Reached XP level 6. HP: 29/29 MP: 11/13
  3683 | D:3      | Reached skill level 1 in Fighting
  3717 | D:3      | Found a snail-covered altar of Cheibriados.
  4279 | D:4      | Found a sparkling altar of Nemelex Xobeh.
  4495 | D:4      | Reached XP level 7. HP: 22/35 MP: 9/14
  4934 | D:4      | Reached skill level 1 in Short Blades
  4955 | D:4      | Found a glowing silver altar of Zin.
  4957 | D:4      | Found a white marble altar of Elyvilon.
  4958 | D:4      | Found a glowing golden altar of the Shining One.
  5039 | D:4      | Found a shattered altar of Ashenzari.
  5284 | D:4      | Found an ancient bone altar of Kikubaaqudgha.
  5328 | D:5      | Entered Level 5 of the Dungeon
  5381 | D:5      | Gained mutation: You have razor-sharp teeth. [Vine Stalker
                  | growth]
  5381 | D:5      | Reached XP level 8. HP: 31/40 MP: 13/15
  5558 | D:5      | Noticed Ijyb
  5570 | D:5      | Killed Ijyb
  5585 | D:5      | Reached skill level 5 in Short Blades
  5605 | D:5      | Found an ornate altar of the Wu Jian Council.
  5700 | D:5      | Reached skill level 1 in Armour
  5704 | D:5      | Found a staircase to the Ecumenical Temple.
  5724 | Temple   | Entered the Ecumenical Temple
  5862 | D:5      | Found a glowing drain.
  5896 | Sewer    | Entered a sewer
  6326 | Sewer    | Reached XP level 9. HP: 38/46 MP: 10/16
  6566 | D:5      | Noticed Prince Ribbit
  6571 | D:5      | Killed Prince Ribbit
  6834 | D:5      | Noticed Menkaure
  6841 | D:5      | Killed Menkaure
  6841 | D:5      | Reached skill level 5 in Fighting
  7031 | D:5      | Found a hide-covered altar of Uskayaw.
  7040 | D:5      | Found a basalt altar of Yredelemnul.
  7043 | D:5      | Found a blossoming altar of Fedhas.
  7053 | D:5      | Became a worshipper of Uskayaw the Reveler
  7462 | D:6      | Found a sparkling altar of Nemelex Xobeh.
  7513 | D:6      | Reached * piety under Uskayaw
  7572 | D:6      | Reached ** piety under Uskayaw
  7735 | D:6      | Found a radiant altar of Vehumet.
  8007 | D:6      | Reached skill level 1 in Invocations
  8007 | D:6      | Reached *** piety under Uskayaw
  8019 | D:6      | Reached **** piety under Uskayaw
  8303 | D:6      | Reached ***** piety under Uskayaw
  8306 | D:6      | Reached skill level 2 in Invocations
  8389 | D:6      | Noticed Pikel
  8404 | D:6      | Killed Pikel
  8404 | D:6      | Reached skill level 3 in Invocations
  8404 | D:6      | Reached XP level 10. HP: 52/53 MP: 15/17
  8689 | D:7      | Noticed Joseph
  8705 | D:7      | Killed Joseph
  8705 | D:7      | Reached skill level 4 in Invocations
  8839 | D:7      | Found a radiant altar of Vehumet.
  9660 | D:8      | Reached skill level 5 in Invocations
  9937 | D:8      | Noticed a death knight
  9944 | D:8      | Noticed Maurice
 10350 | D:8      | Found a stormy altar of Qazlal.
 10763 | D:9      | Found a burning altar of Makhleb.
 10768 | D:9      | Got a sheer robe
 11097 | D:9      | Reached skill level 6 in Invocations
 11232 | D:9      | Found a bloodstained altar of Trog.
 11281 | D:9      | Found an iron altar of Okawaru.
 11373 | D:9      | Found Pios's Book Emporium.
 11551 | D:9      | Found a staircase to the Lair.
 12059 | D:10     | Entered Level 10 of the Dungeon
 12079 | D:10     | Noticed an unseen horror
 12097 | D:10     | Killed an unseen horror
 12097 | D:10     | Reached XP level 11. HP: 38/58 MP: 11/18
 12525 | D:10     | Noticed Erica
 12547 | D:10     | Killed Erica
 12593 | D:10     | Reached skill level 7 in Invocations
 12619 | D:10     | Reached ****** piety under Uskayaw
 13017 | Lair:1   | Entered Level 1 of the Lair of Beasts
 13818 | Lair:1   | Noticed a five-headed hydra
 14062 | Lair:1   | Got a steaming robe
 14220 | Lair:2   | Reached skill level 5 in Armour
 14225 | Lair:2   | Killed a five-headed hydra
 14412 | Lair:2   | Found a frozen archway.
 14420 | Lair:2   | Got a warped gossamer ring
 14427 | IceCv    | Entered an ice cave
 14488 | Lair:2   | Got a fine dagger
 14826 | Lair:2   | Reached skill level 10 in Short Blades
 15345 | Lair:3   | Reached skill level 8 in Invocations
 15345 | Lair:3   | Gained mutation: You heal very quickly. [Vine Stalker
                  | growth]
 15345 | Lair:3   | Reached XP level 12. HP: 32/64 MP: 7/19
 15561 | Lair:3   | Identified the cursed +2 dagger of Resumed Hostilities
                  | {vamp, *Slow rPois rN+ Str+3} (You found it on level 2 of
                  | the Lair of Beasts)
 15563 | Lair:3   | Identified the ring "Fexzefoj" {+Fly rElec rPois} (You
                  | found it on level 2 of the Lair of Beasts)
 15602 | Lair:3   | Noticed Snorg
 15607 | Lair:3   | Noticed Fannar
 15670 | Lair:3   | Found a dark tunnel.
 15675 | Volcano  | Entered a volcano
 15707 | Volcano  | Noticed an ogre mage
 15812 | Lair:3   | Killed Fannar
 15812 | Lair:3   | Reached skill level 9 in Invocations
 15956 | Lair:3   | Found a staircase to the Swamp.
 16188 | Lair:3   | Noticed a four-headed hydra
 16199 | Lair:3   | Killed a four-headed hydra
 16647 | Lair:4   | Got a bone broad axe
 16659 | Lair:4   | Identified the cursed +2 broad axe of the Pit {drain,
                  | Int+2} (You found it on level 4 of the Lair of Beasts)
 16904 | Lair:4   | Found a hole to the Spider Nest.
 16999 | Lair:4   | Noticed a five-headed hydra
 17024 | Lair:4   | Killed a five-headed hydra
 17132 | Lair:4   | Reached skill level 10 in Invocations
 17713 | Lair:5   | Reached skill level 5 in Stealth
 17713 | Lair:5   | Reached skill level 10 in Necromancy
 17859 | Lair:5   | Reached XP level 13. HP: 50/68 MP: 21/21
 17925 | Lair:5   | Identified the cursed +1 robe "Bestruuheth" {Str+4 Stlth+}
                  | (You found it on level 9 of the Dungeon)
 17966 | Lair:5   | Reached skill level 11 in Invocations
 18110 | Lair:5   | Found a staircase to the Slime Pits.
 19170 | Lair:6   | Entered Level 6 of the Lair of Beasts
 19511 | Lair:6   | Reached skill level 10 in Fighting
 19919 | Lair:6   | Reached XP level 14. HP: 52/77 MP: 17/23
 20545 | Lair:6   | Identified the cursed +1 robe of the Moon {rCorr} (You
                  | found it on level 1 of the Lair of Beasts)
 21058 | D:9      | Bought a book of Unlife for 910 gold pieces
 21069 | D:9      | Learned a level 5 spell: Borgnjor's Vile Clutch
 21606 | D:11     | Reached skill level 1 in Earth Magic
 21949 | D:12     | Reached skill level 1 in Shields
 22133 | D:12     | Noticed Nessos
 22156 | D:12     | Killed Nessos
 22212 | D:12     | Found a staircase to the Orcish Mines.
 22334 | D:12     | Found Qucux's Antique Armour Boutique.
 22489 | D:12     | Reached skill level 5 in Spellcasting
 22883 | D:13     | Found a gate to the Vaults.
 23199 | D:13     | Got a brightly glowing falchion
 23843 | D:14     | Reached XP level 15. HP: 82/82 MP: 25/25
 23868 | D:14     | Reached skill level 5 in Dodging
 24052 | D:14     | Found a viscous altar of Jiyva.
 24108 | D:14     | Found a runed translucent gate.
 24108 | D:14     | Noticed PeterQ's ghost (journeyman VSFi)
 24109 | D:14     | Found a runed translucent gate.
 24109 | D:14     | Found a runed translucent gate.
 24109 | D:14     | Identified the +3 chain mail "Wirigyog" {rElec}
 24110 | D:14     | Found a roughly hewn altar of Beogh.
 24118 | D:14     | Identified the ring "Reown" {rN+ MR+ Str+4}
 24508 | D:15     | Entered Level 15 of the Dungeon
 24541 | D:14     | Reached skill level 5 in Earth Magic
 25200 | D:15     | Found a staircase to the Depths.
 25623 | Orc:1    | Entered Level 1 of the Orcish Mines
 26141 | Orc:2    | Entered Level 2 of the Orcish Mines
 26343 | Orc:2    | Found Goxinkett's General Store.
 26358 | Orc:2    | Found Wosisosch's Food Shoppe.
 26544 | Orc:2    | Bought a scroll of fear for 45 gold pieces
 26611 | Orc:2    | Found a staircase to the Elven Halls.
 27663 | Orc:2    | Reached XP level 16. HP: 60/87 MP: 16/26
 28055 | Orc:2    | Found Zeun's Book Shop.
 28055 | Orc:2    | Found a one-way gate leading to the halls of Pandemonium.
 28055 | Orc:2    | Found Mounloha's Antique Weapon Boutique.
 28061 | Orc:2    | Bought a runed rapier for 182 gold pieces
 28506 | D:12     | Bought a pair of warped boots for 294 gold pieces
 28516 | D:12     | Identified the cursed +0 pair of boots "Tuhaez" {rElec rF+
                  | MR+ Str+2} (You bought it in a shop on level 12 of the
                  | Dungeon)
 28729 | Spider:1 | Entered Level 1 of the Spider Nest
 30761 | Spider:2 | Reached skill level 12 in Invocations
 31389 | Spider:2 | You fall through a shaft!
 32838 | Spider:4 | Entered Level 4 of the Spider Nest
 33177 | Spider:4 | Reached XP level 17. HP: 88/93 MP: 21/28
 34089 | Spider:4 | Learned a level 6 spell: Death Channel
 34131 | Spider:4 | Learned a level 4 spell: Animate Dead
 34407 | Spider:4 | Paralysed by a hornet for 2 turns
 34660 | Spider:4 | Reached skill level 13 in Invocations
 35413 | Spider:4 | Reached skill level 10 in Earth Magic
 35586 | Spider:4 | Got a gossamer rune of Zot
 35807 | Swamp:1  | Entered Level 1 of the Swamp
 36111 | Swamp:1  | Got a pair of twisted gloves
 36117 | Swamp:1  | Identified the +5 pair of gloves of Osutoxt {rElec rN+
                  | Regen+} (You found it on level 1 of the Swamp)
 36208 | Swamp:1  | Noticed Louise
 36277 | Swamp:1  | Killed Louise
 36881 | Swamp:2  | Reached XP level 18. HP: 62/98 MP: 31/31
 38051 | Swamp:2  | Reached skill level 10 in Dodging
 39483 | Swamp:4  | Entered Level 4 of the Swamp
 40101 | Swamp:4  | Got a decaying rune of Zot
 40132 | Swamp:4  | Reached skill level 10 in Armour
 41114 | Elf:1    | Entered Level 1 of the Elven Halls
 41120 | Elf:1    | Noticed Frances
 41342 | Elf:1    | Killed Frances
 41617 | Elf:1    | Reached XP level 19. HP: 95/104 MP: 32/32
 42227 | Elf:1    | Found a runed translucent gate.
 42227 | Elf:1    | Found a runed translucent gate.
 42227 | Elf:1    | Found a runed translucent gate.
 42228 | Elf:1    | Found an opulent altar of Gozag.
 42228 | Elf:1    | Found Hoot's Assorted Antiques.
 42228 | Elf:1    | Noticed Hiliwumm's ghost (veteran MiGl)
 42553 | Elf:1    | Reached skill level 5 in Shields
 42568 | Elf:1    | Identified Onwatyr's Catalogue of Attacks and Summoning
 42609 | Elf:2    | Found Rirhih's Magic Scroll Shoppe.
 42632 | Elf:2    | Bought a scroll of identify for 36 gold pieces
 42730 | Elf:2    | Bought a scroll of identify for 36 gold pieces
 42730 | Elf:2    | Bought a scroll of identify for 36 gold pieces
 42730 | Elf:2    | Bought a scroll of enchant weapon for 135 gold pieces
 42730 | Elf:2    | Bought a scroll of identify for 36 gold pieces
 42730 | Elf:2    | Bought a scroll of summoning for 171 gold pieces
 42730 | Elf:2    | Bought a scroll of enchant weapon for 135 gold pieces
 42730 | Elf:2    | Bought a scroll of identify for 36 gold pieces
 42730 | Elf:2    | Bought a scroll of identify for 36 gold pieces
 42732 | Elf:2    | Reached XP level 20. HP: 109/109 MP: 31/33
 42733 | Elf:2    | Reached XP level 21. HP: 113/113 MP: 31/34
 42885 | Elf:2    | Reached skill level 14 in Invocations
 42965 | Elf:2    | Identified Roxanne's Handbook of Earth
 42965 | Elf:2    | Noticed Roxanne
 43117 | Elf:2    | Found a huge runed translucent gate.
 43117 | Elf:2    | Found a huge runed translucent gate.
 43118 | Elf:2    | Found a huge runed translucent gate.
 43119 | Elf:2    | Found a huge runed translucent gate.
 43124 | Elf:2    | Found a huge runed translucent gate.
 43364 | Elf:3    | Entered Level 3 of the Elven Halls
 43667 | Elf:3    | Found Vaonethu's Gadget Boutique.
 44220 | Elf:2    | Noticed Agnes
 44231 | Elf:2    | Killed Agnes
 44303 | Elf:2    | Noticed Donald
 44311 | Elf:2    | Killed Donald
 44357 | Elf:2    | Noticed Nikola
 44369 | Elf:2    | Killed Nikola
 44369 | Elf:2    | Reached skill level 15 in Invocations
 45022 | Elf:3    | Reached XP level 22. HP: 87/120 MP: 31/35
 45239 | Elf:3    | Identified the ring "Hofu" {rPois Str+4}
 45495 | Elf:3    | Reached skill level 10 in Shields
 45792 | Elf:3    | Identified the amulet of Greed {Faith rF+ MR+ Str+3 Stlth+}
 45871 | Elf:3    | Identified the +9 hunting sling of the Pharaoh's Fist
                  | {freeze, Dex+2} (You found it on level 3 of the Elven
                  | Halls)
 45882 | Elf:3    | Identified the +10 whip "Wyulewk" {venom, Str+2 Int+3}
 46371 | Vaults:1 | Entered Level 1 of the Vaults
 46428 | Vaults:1 | Found Zasaazar's Antique Armour Boutique.
 46436 | Vaults:1 | Bought a faintly humming helmet for 370 gold pieces
 46436 | Vaults:1 | Identified the +3 helmet of Loss {+Blink rF- Str+3} (You
                  | bought it in a shop on level 1 of the Vaults)
 46524 | Vaults:1 | Reached skill level 16 in Invocations
 46643 | Vaults:1 | Found a basalt altar of Yredelemnul.
 46677 | Vaults:1 | Got a faintly humming ring mail
 46678 | Vaults:1 | Identified the +1 ring mail "Pahakem" {+Inv rF+} (You found
                  | it on level 1 of the Vaults)
 46770 | Vaults:1 | Noticed Sojobo
 46986 | Vaults:1 | Killed Sojobo
 47925 | Vaults:2 | Reached skill level 15 in Fighting
 48344 | Vaults:2 | Reached XP level 23. HP: 126/126 MP: 36/36
 49399 | Vaults:2 | Found Qoedom Pannu's Book Boutique.
 49686 | Vaults:3 | Found Zarghen's Gadget Shop.
 49988 | Vaults:3 | Found a staircase to the Crypt.
 50236 | Vaults:3 | Reached skill level 15 in Armour
 50694 | Vaults:4 | Found a flickering gateway to a bazaar.
 50727 | Bazaar   | Entered a bazaar
 50727 | Bazaar   | Found Eplarheb's General Store.
 50742 | Bazaar   | Found Atuzuz's Assorted Antiques.
 50771 | Bazaar   | Found Bap Wycellej's Food Boutique.
 50781 | Bazaar   | Found Tihic's Distillery.
 50789 | Bazaar   | Bought a potion of mutation for 80 gold pieces
 50789 | Bazaar   | Bought a potion of mutation for 80 gold pieces
 50789 | Bazaar   | Bought a potion of haste for 100 gold pieces
 50789 | Bazaar   | Bought a potion of invisibility for 80 gold pieces
 50810 | Bazaar   | Bought 3 scrolls of magic mapping for 115 gold pieces
 50810 | Bazaar   | Bought a scroll of enchant armour for 82 gold pieces
 50827 | Bazaar   | Bought a scroll of summoning for 275 gold pieces
 51527 | Vaults:4 | Reached XP level 24. HP: 131/131 MP: 28/36
 52260 | Vaults:4 | Noticed Margery
 52297 | Vaults:4 | Killed Margery
 52553 | Depths:1 | Entered Level 1 of the Depths
 52881 | Depths:1 | Reached skill level 15 in Shields
 52932 | Depths:1 | Found Werero's Weapon Shop.
 53068 | Depths:1 | Found a one-way gate to the infinite horrors of the Abyss.
 53184 | Depths:1 | Got an ichor-stained robe
 53185 | Depths:1 | Identified the cursed +0 robe "Hero's Friend" {rF- Str+5}
                  | (You found it on level 1 of the Depths)
 53207 | Depths:1 | Found a gateway to Hell.
 53599 | Depths:2 | Reached skill level 1 in Evocations
 54371 | Depths:2 | Found a gateway to a ziggurat.
 54387 | Depths:2 | Reached XP level 25. HP: 132/137 MP: 36/36
 54423 | Depths:2 | Reached skill level 17 in Invocations
 54605 | Depths:2 | Found Ybbukluz's Distillery.
 54613 | Depths:2 | Bought a potion of haste for 230 gold pieces
 54613 | Depths:2 | Bought a potion of haste for 230 gold pieces
 54613 | Depths:2 | Bought a potion of mutation for 184 gold pieces
 54887 | Depths:3 | Got a warped pewter amulet
 54888 | Depths:3 | Identified the amulet "Polue" {Faith +Blink rN+} (You found
                  | it on level 3 of the Depths)
 54955 | Depths:3 | Reached skill level 5 in Evocations
 55361 | Depths:3 | Found the +6 Majin-Bo {vamp, Archmagi MP+6 Int+6}
 55393 | Depths:3 | Got a polished great sword
 55521 | Depths:3 | Paralysed by a floating eye for 2 turns
 55728 | Depths:4 | Found Sosut's Jewellery Shop.
 55728 | Depths:4 | Found Laong's Jewellery Boutique.
 55729 | Depths:4 | Found Xoanush's Book Shop.
 55731 | Depths:4 | Found Veosoe's Assorted Antiques.
 56191 | Depths:4 | Reached skill level 18 in Invocations
 56233 | Depths:4 | Found Ymnuats's Distillery.
 56478 | Depths:4 | Noticed a juggernaut
 56501 | Depths:4 | Killed a juggernaut
 56520 | Depths:4 | Got an ichor-stained triple crossbow
 56528 | Depths:4 | Identified the +6 triple crossbow of Sloth {elec, -Tele
                  | rElec Dex+5 Stlth+} (You found it on level 4 of the Depths)
 56535 | Depths:4 | Got a flickering turquoise ring
 56536 | Depths:4 | Identified the ring "Xauklio" {Fire rElec Dex+3 Stlth+}
                  | (You found it on level 4 of the Depths)
 56880 | Depths:5 | Entered Level 5 of the Depths
 57321 | Depths:5 | Reached XP level 26. HP: 135/146 MP: 37/37
 57851 | Depths:5 | Reached skill level 19 in Invocations
 57932 | Depths:5 | Found a gate to the Realm of Zot.
 58658 | Lair:3   | Killed Snorg
 58724 | Slime:1  | Entered Level 1 of the Pits of Slime
 58838 | Slime:4  | Gained mutation: You are resistant to hostile enchantments.
                  | (MR+) [a shining eye]
 58849 | Slime:4  | Gained mutation: Armour fits poorly on your strangely
                  | shaped body. [a shining eye]
 58881 | Slime:5  | Entered Level 5 of the Pits of Slime
 58938 | Slime:5  | Found a viscous altar of Jiyva.
 58939 | Slime:5  | Noticed the Royal Jelly
 58941 | Slime:5  | Found the +7 Spriggan's Knife {stab, EV+4 Stlth+}
 58948 | Slime:5  | Killed the Royal Jelly
 59415 | Slime:5  | Identified the ring "Rosihai" {EV+6 Str+4 Int-2 Dex+5} (You
                  | found it on level 5 of the Pits of Slime)
 59450 | Slime:5  | Got a slimy rune of Zot
 59586 | Slime:5  | Identified the +1 hand axe "Killer Bee's Curse" {chop, rC+}
                  | (You found it on level 5 of the Pits of Slime)
 59595 | Slime:5  | Identified the +8 flail "Aschiesoc" {protect, rC+ rN+
                  | Int+2} (You found it on level 5 of the Pits of Slime)
 59603 | Slime:5  | Identified the +1 falchion "Ramaga" {protect, Str+4 Int+5}
                  | (You found it on level 5 of the Pits of Slime)
 59984 | Orc:2    | Bought the ring "Inguikir" {*Drain rF++ rC+ rN+ Str+2} for
                  | 679 gold pieces
 60282 | Zot:1    | Entered Level 1 of the Realm of Zot
 60673 | Zot:1    | Reached skill level 20 in Invocations
 60744 | Zot:1    | Got a slimy robe
 61023 | Zot:1    | Identified a scroll of acquirement
 61672 | Zot:2    | Reached XP level 27. HP: 154/154 MP: 38/38
 61756 | Zot:2    | You fall through a shaft!
 62246 | Zot:2    | Reached skill level 10 in Stealth
 63499 | Zot:4    | Reached skill level 21 in Invocations
 64701 | Vaults:2 | Bought a book of Death for 1120 gold pieces
 64707 | Vaults:2 | Learned a level 5 spell: Dispel Undead
 64709 | Vaults:2 | Learned a level 1 spell: Apportation
 64711 | Vaults:2 | Learned a level 1 spell: Summon Butterflies
 64715 | Vaults:2 | Learned a level 3 spell: Regeneration
 64718 | Vaults:2 | Learned a level 2 spell: Blink
 65135 | Zot:5    | Entered Level 5 of the Realm of Zot
 65312 | Zot:5    | Reached skill level 1 in Translocations
 65341 | Zot:5    | Reached skill level 1 in Summonings
 65688 | Zot:5    | Noticed an ancient lich
 65701 | Zot:5    | Killed an ancient lich
 65748 | Zot:5    | Noticed an orb of fire
 65787 | Zot:5    | Killed an orb of fire
 65799 | Zot:5    | Noticed an orb of fire
 65817 | Zot:5    | Gained mutation: Your spells are a little easier to cast,
                  | but a little less powerful. [an orb of fire]
 65909 | Zot:5    | Killed an orb of fire
 65910 | Zot:5    | Noticed an orb of fire
 65919 | Zot:5    | Killed an orb of fire
 65919 | Zot:5    | Reached skill level 15 in Stealth
 65988 | Zot:5    | Reached skill level 22 in Invocations
 66021 | Zot:5    | Noticed an orb of fire
 66038 | Zot:5    | Gained mutation: Your body sometimes deteriorates upon
                  | taking damage. [an orb of fire]
 66044 | Zot:5    | Killed an orb of fire
 66138 | Zot:5    | Noticed an orb of fire
 66143 | Zot:5    | Gained mutation: You are weak. (Str -2) [an orb of fire]
 66159 | Zot:5    | Killed an orb of fire
 66791 | Zot:5    | Lost mutation: Your body sometimes deteriorates upon taking
                  | damage. [potion of mutation]
 66791 | Zot:5    | Lost mutation: Your spells are a little easier to cast, but
                  | a little less powerful. [potion of mutation]
 66791 | Zot:5    | Lost mutation: You are resistant to hostile enchantments.
                  | (MR+) [potion of mutation]
 66791 | Zot:5    | Lost mutation: You are weak. (Str -2) [potion of mutation]
 66791 | Zot:5    | Gained mutation: You are partially covered in yellow
                  | scales. (AC +2) [potion of mutation]
 66792 | Zot:5    | Lost mutation: Armour fits poorly on your strangely shaped
                  | body. [potion of mutation]
 66792 | Zot:5    | Lost mutation: You are partially covered in yellow scales.
                  | (AC +2) [potion of mutation]
 66792 | Zot:5    | Gained mutation: You expend magic power (3 MP) to
                  | strengthen your wands. [potion of mutation]
 66792 | Zot:5    | Gained mutation: Your mind is acute. (Int +2) [potion of
                  | mutation]
 66793 | Zot:5    | Got the Orb of Zot
 67404 | D:8      | Killed Maurice
 67671 | D:1      | gg
 67672 | D:$      | Escaped with the Orb!

Skill      XL: |  1  2  3  4  5  6  7  8  9 10 11 12 13 14 15 16 17 18 19 20 21 22 23 24 25 26 27 |
---------------+----------------------------------------------------------------------------------+-----
Spellcasting   | 3 4 6 8 |  8.0
Necromancy     | 5 6 7 10 12 14 | 14.0
Fighting       | 2 3 4 6 8 10 11 12 13 14 15 17 18 21 | 21.1
Dodging        | 2 3 4 8 9 11 | 11.0
Short Blades   | 3 5 7 9 10 | 10.6
Armour         | 2 3 4 5 8 10 11 12 15 16 | 16.2
Invocations    | 3 6 8 10 11 12 13 15 16 18 20 22 | 22.5
Stealth        | 5 8 17 | 17.1
Earth Magic    | 4 7 8 10 | 10.0
Shields        | 3 4 6 8 9 11 13 15 | 15.0
Evocations     | 3 5 |  5.0
Translocations | 3 |  3.0
Summonings     | 2 |  2.1

Action                   |  1- 3 |  4- 6 |  7- 9 | 10-12 | 13-15 | 16-18 | 19-21 | 22-24 | 25-27 || total
-------------------------+-------+-------+-------+-------+-------+-------+-------+-------+-------++-------
Melee: Unarmed           |    37 |       |       |       |       |       |       |       |       ||    37
       Bite              |    16 |    25 |   112 |   215 |   616 |   745 |   168 |   768 |  1283 ||  3948
       Short sword       |    29 |   170 |   451 |   598 |    23 |    35 |       |       |       ||  1306
       Dagger            |    13 |       |       |   146 |  1824 |  1941 |   441 |       |       ||  4365
       Rapier            |       |       |       |       |       |       |    44 |   117 |       ||   161
       Quick blade       |       |       |       |       |       |       |       |  1610 |  2353 ||  3963
 Cast: Pain              |    29 |       |       |     5 |       |       |       |       |       ||    34
       Vampiric Draining |       |     1 |     1 |       |       |       |       |       |       ||     2
       Animate Skeleton  |       |       |       |    20 |    90 |    39 |    11 |    17 |    31 ||   208
       Borgnjor's Vile C |       |       |       |       |       |   114 |    60 |    64 |    10 ||   248
       Animate Dead      |       |       |       |       |       |     2 |       |       |     7 ||     9
       Dispel Undead     |       |       |       |       |       |       |       |       |     5 ||     5
Invok: Line Pass         |       |       |       |     6 |     5 |     2 |       |       |       ||    13
       Grand Finale      |       |       |       |       |     2 |     1 |       |     3 |     5 ||    11
       Stomp             |       |       |       |       |     2 |     2 |       |     1 |       ||     5
 Abil: Evoke Invisibilit |       |       |       |       |       |       |       |       |     6 ||     6
Evoke: Wand              |       |       |       |    27 |       |     6 |       |       |       ||    33
  Use: Potion            |     2 |       |       |       |       |     4 |     2 |       |     4 ||    12
       Scroll            |       |     5 |     3 |    19 |    12 |    13 |     4 |    24 |    26 ||   106
 Stab: Sleeping          |     2 |    10 |     4 |       |     5 |    11 |     3 |    18 |    29 ||    82
       Distracted        |       |       |     1 |       |     8 |     4 |       |     5 |     7 ||    25
       Paralysed         |       |       |     4 |    31 |   110 |   127 |    35 |   172 |   209 ||   688
       Confused          |       |       |       |     3 |     3 |     2 |       |       |     1 ||     9
       Petrified         |       |       |       |       |       |       |       |       |     6 ||     6
       Invisible         |       |       |       |       |       |       |       |       |    21 ||    21
  Eat: Chunk             |     4 |     8 |    13 |    27 |    38 |    38 |    26 |    43 |    24 ||   221
       Ration            |       |       |     1 |     3 |     3 |    13 |       |     2 |     9 ||    31
Armor: Robe              |    23 |    20 |    25 |       |       |    89 |       |       |       ||   157
       Scale mail        |       |       |    29 |   246 |   435 |    22 |       |       |       ||   732
       Swamp dragon scal |       |       |       |       |       |   427 |   114 |   251 |   333 ||  1125
Dodge: Dodged            |    53 |    89 |   207 |   292 |   513 |  1070 |   181 |   386 |   594 ||  3385
Block: Buckler           |       |       |       |       |   384 |   422 |    71 |    77 |       ||   954
       Shield            |       |       |       |       |     9 |       |       |   394 |   734 ||  1137
       Reflection        |       |       |       |       |    11 |       |       |       |       ||    11
       Other             |       |       |       |       |     2 |       |       |       |       ||     2
